 Dungeon Crawl Stone Soup version 0.21.0-30-g47ce8e4 (webtiles) character file.

429 tidbits the Ducker (level 6, 0/53 HPs)
             Began as a Gnoll Monk on Jan 28, 2018.
             Killed from afar by a steam dragon (12 damage)
             ... with a ball of steam
             ... on level 5 of the Dungeon.
             The game lasted 00:09:58 (1311 turns).

tidbits the Ducker (Gnoll Monk)                     Turns: 1311, Time: 00:09:59

Health: 0/53       AC:  2    Str: 13    XL:     6   Next: 98%
Magic:  6/9        EV: 17    Int: 15    God:
Gold:   86         SH:  0    Dex: 17    Spells: 1/9 levels left

rFire    . . .     SeeInvis .   a - +0 war axe (elec)
rCold    . . .     Gourm    .   (no shield)
rNeg     . . .     Faith    .   d - +0 robe
rPois    .         Spirit   .   (no helmet)
rElec    .         Reflect  .   (no cloak)
rCorr    .         Harm     .   (no gloves)
MR       .....                  (no boots)
Stlth    +++.......             (no amulet)
HPRegen  0.17/turn              (no ring)
MPRegen  0.11/turn              (no ring)

@: no status effects
A: distributed training, fangs 1, strong nose
a: no special abilities


You were on level 5 of the Dungeon.
You were not hungry.

You visited 1 branch of the dungeon, and saw 6 of its levels.

You collected 161 gold pieces.
You spent 75 gold pieces at shops.

Inventory:

Hand Weapons
 a - a +0 war axe of electrocution (weapon)
   (You found it on level 6 of the Dungeon)
 b - a +0 dagger
 q - a +0 short sword
Missiles
 e - 53 stones (quivered)
 f - 17 arrows
 g - 7 curare-tipped needles
Armour
 d - a +0 robe (worn)
 i - a +0 ring mail
 n - +0 shadow dragon scales
Jewellery
 l - an uncursed ring of fire
   (You found it on level 2 of the Dungeon)
Wands
 u - a wand of random effects (16)
Scrolls
 h - 3 scrolls of identify
 k - a scroll of fear
 p - a scroll of enchant armour
 r - 2 scrolls of blinking {unknown}
 s - a scroll of noise {unknown}
Potions
 j - a potion of brilliance
 m - a potion of haste
 t - a potion of heal wounds {unknown}
Books
 o - a book of Maledictions
   (You found it on level 3 of the Dungeon)

   Spells                             Type                      Level
   a - Corona                         Hexes                        1
   b - Ensorcelled Hibernation        Hexes/Ice                    2
   c - Confuse                        Hexes                        3
   d - Tukima's Dance                 Hexes                        3
   e - Dazzling Spray                 Conjuration/Hexes            3
Comestibles
 c - 8 rations


   Skills:
 + Level 6.9 Fighting
 + Level 6.9 Short Blades
 + Level 2.1 Long Blades
 + Level 2.1 Axes
 + Level 2.1 Maces & Flails
 + Level 2.1 Polearms
 + Level 2.1 Staves
 + Level 2.1 Slings
 + Level 2.1 Bows
 + Level 2.1 Crossbows
 + Level 2.1 Throwing
 + Level 2.1 Armour
 + Level 6.9 Dodging
 + Level 4.7 Stealth
 + Level 2.1 Shields
 + Level 2.1 Unarmed Combat
 + Level 2.1 Spellcasting
 + Level 1.7 Conjurations
 + Level 1.7 Hexes
 + Level 1.7 Charms
 + Level 1.7 Summonings
 + Level 1.7 Necromancy
 + Level 1.7 Translocations
 + Level 1.7 Transmutations
 + Level 1.7 Fire Magic
 + Level 1.7 Ice Magic
 + Level 1.7 Air Magic
 + Level 1.7 Earth Magic
 + Level 1.7 Poison Magic
 + Level 2.3 Invocations
 + Level 2.1 Evocations


You had one spell level left.
You knew the following spells:

 Your Spells              Type           Power        Failure   Level  Hunger
c - Confuse               Hex            #.......     32%         3    ###....
d - Dazzling Spray        Conj/Hex       #.....       32%         3    ###....
e - Ensorcelled Hibernat  Hex/Ice        #.....       16%         2    ###....


Dungeon Overview and Level Annotations

Branches:
Dungeon (6/15)
 Temple: D:4-7

Altars:
Gozag
Vehumet
The Shining One

Shops:
D:5 *


Innate Abilities, Weirdness & Mutations

Your experience applies equally to all skills.
You have very sharp teeth.
Your uncanny sense of smell can sniff out nearby items.


Message History

* * * LOW HITPOINT WARNING * * *
You slash the crimson imp!
The crimson imp is severely wounded.
The crimson imp hits you but does no damage.
You hit the crimson imp.
Lightning courses through the crimson imp!
You kill the crimson imp!
Found 4 gold pieces.
Found 2 gold pieces.
Found an opulent altar of Gozag.
Found 5 gold pieces.
Found 2 gold pieces.
Found a gold piece.
You see here a gold piece.
You now have 72 gold pieces (gained 1).
You see here 2 gold pieces.
You now have 74 gold pieces (gained 2).
You see here 2 gold pieces.
You now have 76 gold pieces (gained 2).
A howler monkey skeleton comes into view.
Found 10 gold pieces.
Your +0 war axe of electrocution stops crackling.
b - a +0 dagger (weapon)
You hit the howler monkey skeleton.
The howler monkey skeleton is lightly damaged.
The howler monkey skeleton closely misses you.
You hear the crackle of electricity.
a - a +0 war axe of electrocution (weapon)
You hit the howler monkey skeleton.
Lightning courses through the howler monkey skeleton!
The howler monkey skeleton is almost destroyed.
The howler monkey skeleton misses you.
The howler monkey skeleton closely misses you.
You slash the howler monkey skeleton!
You destroy the howler monkey skeleton!
You see here 10 gold pieces.
You now have 86 gold pieces (gained 10).
You open the door.
There is an open door here.
You open the door.
There is an open door here.
Found a stone staircase leading up.
A steam dragon comes into view.
The steam dragon moves out of view.
A steam dragon comes into view.
There is a stone staircase leading up here.
You slash the fungus! Lightning courses through the fungus!
The fungus is heavily damaged.
Something bites the fungus.
Something completely misses the fungus.
You hit the fungus. You bite the fungus.
The fungus is heavily damaged.
Something bites the fungus!
Something claws the fungus.
Something bites the fungus.
Something claws the fungus.
The steam dragon hisses angrily.
You hit the fungus. You bite the fungus, but do no damage.
The fungus is heavily damaged.
Something bites the fungus but does no damage.
Something claws the fungus.
You slash the fungus! You bite the fungus, but do no damage.
The fungus is severely damaged.
The steam dragon bites something!
The steam dragon claws something.
Something bites the fungus!
The fungus is destroyed!
You hit the fungus.
The fungus is almost destroyed.
Something bites the fungus.
Something claws the fungus.
The fungus is destroyed!
Casting: Confuse
Confirm with . or Enter, or press ? or * to list all spells.
Aiming: Confuse
Press: ? - help, Shift-Dir - straight line, f - steam dragon
Aim: a steam dragon (chance to defeat MR: 37%)
The steam dragon appears confused.
The steam dragon bites the fungus!
The steam dragon claws the fungus.
You hit the steam dragon.
Lightning courses through the steam dragon!
You bite the steam dragon, but do no damage.
The steam dragon is heavily wounded.
You hit the steam dragon.
The steam dragon is moderately wounded.
The steam dragon completely misses the fungus.
The steam dragon claws the fungus.
The steam dragon bites you.
* * * LOW HITPOINT WARNING * * *
The steam dragon barely misses you.
The steam dragon bites something but does no damage.
The steam dragon claws something.
The steam dragon misses you. The steam dragon claws you.
* * * LOW HITPOINT WARNING * * *
You hit the steam dragon but do no damage.
Lightning courses through the steam dragon!
Your punch misses the steam dragon.
The steam dragon is severely wounded.
The steam dragon bites you!
* * * LOW HITPOINT WARNING * * *
The steam dragon misses you.
You closely miss the steam dragon.
You bite the steam dragon, but do no damage.
The steam dragon is severely wounded.
The steam dragon breathes steam at you. The ball of steam hits you!
You die... #......... ### #......... ##PP########.#..
P.Pā‰ˆ.^# #.#..
P....ā‰ˆ# #.#.. ....... ..?..
PPD....

#.#.# ###D....ā‰ˆP
Z.#.. #.@# ..#..
###############..# ..#
#...##..........#####
#...##................#
'...'..........######.#
#...##.........#
#...##########.# #...#
#.# ##### #.#


You could see 2 steam dragons.

Vanquished Creatures
  A necrophage (D:5)
  A crimson imp (D:5)
  2 bullfrog zombies (D:6)
  An orc wizard (D:4)
  A centaur skeleton (D:4)
  An iguana (D:4)
  A worker ant (D:5)
  A howler monkey skeleton (D:5)
  7 adders
  A dart slug (D:3)
  6 leopard geckos
  6 orcs
  3 giant cockroaches
  5 hobgoblins
  4 jackals (D:5)
  4 kobolds
  A ball python (D:3)
  3 bats
  4 frilled lizards
  2 goblins (D:1)
  5 rats
60 creatures vanquished.

Vanquished Creatures (others)
  2 fungi (D:5)
2 creatures vanquished.

Grand Total: 62 creatures vanquished

Notes
Turn   | Place    | Note
-------+----------+-------------------------------------------
     0 | D:1      | tidbits the Gnoll Monk began the quest for the Orb.
     0 | D:1      | Reached XP level 1. HP: 23/23 MP: 1/1
    70 | D:1      | Reached XP level 2. HP: 29/29 MP: 2/2
   184 | D:2      | Reached XP level 3. HP: 35/35 MP: 3/3
   261 | D:2      | Reached skill level 1 in Invocations
   306 | D:2      | Found a radiant altar of Vehumet.
   394 | D:2      | Reached skill level 1 in Long Blades
   394 | D:2      | Reached skill level 1 in Axes
   394 | D:2      | Reached skill level 1 in Maces & Flails
   394 | D:2      | Reached skill level 1 in Polearms
   394 | D:2      | Reached skill level 1 in Staves
   394 | D:2      | Reached skill level 1 in Slings
   394 | D:2      | Reached skill level 1 in Bows
   394 | D:2      | Reached skill level 1 in Crossbows
   394 | D:2      | Reached skill level 1 in Throwing
   394 | D:2      | Reached skill level 1 in Armour
   394 | D:2      | Reached skill level 1 in Shields
   394 | D:2      | Reached skill level 1 in Unarmed Combat
   394 | D:2      | Reached skill level 1 in Spellcasting
   394 | D:2      | Reached skill level 1 in Evocations
   531 | D:3      | Reached XP level 4. HP: 41/41 MP: 5/5
   692 | D:4      | Reached skill level 1 in Conjurations
   692 | D:4      | Reached skill level 1 in Hexes
   692 | D:4      | Reached skill level 1 in Charms
   692 | D:4      | Reached skill level 1 in Summonings
   692 | D:4      | Reached skill level 1 in Necromancy
   692 | D:4      | Reached skill level 1 in Translocations
   692 | D:4      | Reached skill level 1 in Transmutations
   692 | D:4      | Reached skill level 1 in Fire Magic
   692 | D:4      | Reached skill level 1 in Ice Magic
   692 | D:4      | Reached skill level 1 in Air Magic
   692 | D:4      | Reached skill level 1 in Earth Magic
   692 | D:4      | Reached skill level 1 in Poison Magic
   753 | D:2      | Reached XP level 5. HP: 28/47 MP: 6/6
   829 | D:3      | Found a glowing golden altar of the Shining One.
   894 | D:3      | Learned a level 2 spell: Ensorcelled Hibernation
   962 | D:4      | Learned a level 3 spell: Confuse
   970 | D:5      | Entered Level 5 of the Dungeon
  1017 | D:5      | Reached XP level 6. HP: 46/53 MP: 3/8
  1020 | D:5      | Noticed an ice beast
  1054 | D:6      | Reached skill level 2 in Invocations
  1073 | D:6      | Learned a level 3 spell: Dazzling Spray
  1078 | D:6      | Found an opulent altar of Gozag.
  1154 | D:5      | Found Ucro's Assorted Antiques.
  1163 | D:5      | Bought a scroll labeled YSMEOTI NIJA for 26 gold pieces
  1163 | D:5      | Bought a fuming clear potion for 23 gold pieces
  1163 | D:5      | Bought a scroll labeled UTOECK ADAVERR for 26 gold pieces
  1199 | D:5      | Noticed a necrophage
  1205 | D:5      | Killed a necrophage
  1205 | D:5      | Reached skill level 2 in Long Blades
  1205 | D:5      | Reached skill level 2 in Axes
  1205 | D:5      | Reached skill level 2 in Maces & Flails
  1205 | D:5      | Reached skill level 2 in Polearms
  1205 | D:5      | Reached skill level 2 in Staves
  1205 | D:5      | Reached skill level 2 in Slings
  1205 | D:5      | Reached skill level 2 in Bows
  1205 | D:5      | Reached skill level 2 in Crossbows
  1205 | D:5      | Reached skill level 2 in Throwing
  1205 | D:5      | Reached skill level 2 in Armour
  1205 | D:5      | Reached skill level 2 in Shields
  1205 | D:5      | Reached skill level 2 in Unarmed Combat
  1205 | D:5      | Reached skill level 2 in Spellcasting
  1205 | D:5      | Reached skill level 2 in Evocations
  1248 | D:5      | Found an opulent altar of Gozag.
  1297 | D:5      | Noticed a steam dragon
  1301 | D:5      | Noticed a steam dragon
  1311 | D:5      | Killed from afar by a steam dragon

Skill      XL: |  1  2  3  4  5  6 |
---------------+-------------------+-----
Invocations    | 1 2 |  2.3
Long Blades    | 1 2 |  2.1
Axes           | 1 2 |  2.1
Maces & Flails | 1 2 |  2.1
Polearms       | 1 2 |  2.1
Staves         | 1 2 |  2.1
Slings         | 1 2 |  2.1
Bows           | 1 2 |  2.1
Crossbows      | 1 2 |  2.1
Throwing       | 1 2 |  2.1
Armour         | 1 2 |  2.1
Shields        | 1 2 |  2.1
Unarmed Combat | 1 2 |  2.1
Spellcasting   | 1 2 |  2.1
Evocations     | 1 2 |  2.1
Conjurations   | 1 |  1.7
Hexes          | 1 |  1.7
Charms         | 1 |  1.7
Summonings     | 1 |  1.7
Necromancy     | 1 |  1.7
Translocations | 1 |  1.7
Transmutations | 1 |  1.7
Fire Magic     | 1 |  1.7
Ice Magic      | 1 |  1.7
Air Magic      | 1 |  1.7
Earth Magic    | 1 |  1.7
Poison Magic   | 1 |  1.7
Fighting       | |  6.9
Short Blades   | |  6.9
Dodging        | |  6.9
Stealth        | |  4.7

Action                   |  1- 3 |  4- 6 || total
-------------------------+-------+-------++-------
Melee: Short sword       |    78 |   115 ||   193
       Bite              |     8 |    18 ||    26
       Punch             |     1 |     1 ||     2
       War axe           |       |    35 ||    35
       Dagger            |       |     2 ||     2
 Cast: Ensorcelled Hiber |       |     4 ||     4
       Confuse           |       |     3 ||     3
  Use: Scroll            |       |     4 ||     4
 Stab: Sleeping          |     9 |     7 ||    16
       Confused          |       |     1 ||     1
  Eat: Ration            |     1 |       ||     1
Armor: Robe              |     4 |     4 ||     8
       Shadow dragon sca |       |    23 ||    23
Dodge: Dodged            |    44 |    68 ||   112

Table legend:
 A = Turns spent in this place as a percentage of turns spent in the entire game.
 B = Non-inter-level travel turns spent in this place as a percentage of non-inter-level travel turns spent in the entire game.
 C = Inter-level travel turns spent in this place as a percentage of turns spent in this place.
 D = Turns resting spent in this place as a percentage of non-inter-level travel turns spent in this place.
 E = Turns spent auto-exploring this place as a percentage of non-inter-level travel turns spent in this place.
 F = Non-inter-level travel turns spent in this place divided by the number of levels of this place that you've seen.
                   A       B       C       D       E      F
               +-------+-------+-------+-------+-------+----------------------
         Total | 100.0 | 100.0 |   1.1 |   0.0 |   0.0 | 216.2
       Dungeon | 100.0 | 100.0 |   1.1 |   0.0 |   0.0 | 216.2
               +-------+-------+-------+-------+-------+----------------------

Table legend:
 A = Kills in this place as a percentage of kills in entire the game.
 B = Kills by you in this place as a percentage of kills by you in the entire game.
 C = Kills by friends in this place as a percentage of kills by friends in the entire game.
 D = Other kills in this place as a percentage of other kills in the entire game.
 E = Experience gained in this place as a percentage of experience gained in the entire game.
 F = Experience gained in this place divided by the number of levels of this place that you have seen.
                   A       B       C       D       E      F
               +-------+-------+-------+-------+-------+----------------------
         Total | 100.0 | 100.0 |   N/A |   N/A | 100.0 | 102.2
       Dungeon | 100.0 | 100.0 |   N/A |   N/A | 100.0 | 102.2
               +-------+-------+-------+-------+-------+----------------------

Vault maps used:
D:1:      lightli_arrival_windingriver
D:2:      lemuel_doored_altar, serial_bayou_pond_d
D:3:      overflow_temple_1_default, tso_metal_star
D:4:      old_standard_altar, minmay_temple_entry_statues_fountains,
          grunt_ministairs_14
D:5:      kennysheep_steamy, nicolae_gozag_seed_capital, first_ration,
          serial_shops, shop
D:6:      kennysheep_mini_moat, chequers_temple_overflow_minitemple,
          basic_altar, uniq_pikel
